Map: Radhuset Station LE

Players

FreshJuice - Winner!

  • Race: Protoss Protoss
  • League: Diamond
  • Spawn Location: 7:00

SubN

  • Race: Zerg Zerg
  • League: Diamond
  • Spawn Location: 1:00

VOD

Have the link to the VOD?

Description

Time

  • Played on: Nov. 18, 2023, 10:14 a.m.
  • Length: 10:09
Show
View Real Time Build Order
Export as new Build Order

FreshJuice Protoss - Winner!

Build Orders:  

Get SALT Encoding   

  12  0:00  Probe  
  13  0:12  Probe  
  14  0:20  Pylon  
  14  0:24  Probe  
  15  0:38  Probe (Chrono Boost)  
  15  0:40  Gateway  
  16  0:50  Probe (Chrono Boost)  
  16  0:51  Assimilator  
  17  0:59  Probe (Chrono Boost)  
  18  1:04  Probe  
  19  1:16  Probe  
  20  1:28  Probe  
  21  1:35  Cybernetics Core  
  21  1:40  Probe  
  21  1:46  Nexus  
  22  1:59  Pylon  
  22  2:03  Probe  
  22  2:08  Assimilator  
  23  2:15  Warp Gate  
  23  2:17  Probe, Adept (Chrono Boost)  
  26  2:24  Shield Battery  
  26  2:29  Probe  
  27  2:37  Pylon  
  27  2:41  Adept (Chrono Boost)  
  29  2:48  Probe (Chrono Boost)  
  31  2:59  Probe (Chrono Boost)  
  31  3:00  Stargate  
  31  3:04  Probe (Chrono Boost)  
  33  3:06  Adept  
  33  3:08  Probe (Chrono Boost)  
  33  3:11  Probe (Chrono Boost)  
  36  3:15  Probe (Chrono Boost)  
  37  3:24  Probe  
  37  3:26  Probe  
  39  3:36  Probe  
  39  3:39  Probe  
  41  3:48  Probe  
  42  3:51  Probe  
  39  3:59  Void Ray (Chrono Boost)  
  39  4:00  Probe  
  44  4:03  Probe, Assimilator  
  44  4:05  Assimilator  
  44  4:08  Twilight Council  
  45  4:12  Probe  
  45  4:15  Probe  
  47  4:23  Nexus  
  47  4:24  Probe  
  47  4:26  Pylon  
  47  4:27  Probe  
  49  4:36  Probe  
  54  4:39  Void Ray  
  54  4:42  Robotics Facility  
  54  4:44  Probe  
  55  4:48  Probe  
  56  4:56  Probe  
  57  5:01  Charge (Chrono Boost)  
  57  5:05  Probe  
  58  5:08  Probe  
  58  5:10  Pylon  
  58  5:11  Pylon  
  58  5:12  Pylon  
  58  5:13  Pylon  
  59  5:17  Pylon, Probe  
  59  5:20  Probe  
  65  5:29  Probe  
  65  5:32  Probe  
  65  5:34  Void Ray  
  67  5:40  Probe  
  67  5:41  Probe  
  69  5:44  Probe, Assimilator  
  69  5:47  Observer  
  69  5:49  Templar Archives  
  71  6:00  Assimilator  
  71  6:02  Gateway  
  71  6:07  Gateway x2  
  71  6:08  Observer  
  71  6:10  Gateway  
  72  6:14  Forge, Probe  
  72  6:15  Probe x2  
  72  6:16  Forge  
  75  6:26  Probe  
  75  6:27  Probe x2  
  82  6:33  Void Ray  
  82  6:39  Probe x3  
  85  6:52  Probe x2  
  87  6:58  Gateway  
  87  7:02  Gateway  
  87  7:04  Gateway  
  87  7:06  Gateway  
  87  7:09  Gateway  
  87  7:11  Protoss Ground Armor Level 1 (Chrono Boost), Protoss Ground Weapons Level 1 (Chrono Boost)  
  87  7:14  Templar Archives  
  87  7:18  Psionic Storm  
  87  7:22  Blink, Void Ray  
  92  7:45  Observer  
  92  8:04  Nexus  
  93  8:05  Pylon  
  93  8:06  Observer, Probe  
  93  8:07  Probe x2  
  93  8:08  Pylon  
  93  8:09  Pylon  
  96  8:26  Void Ray  
  100  8:27  Zealot x2  
  100  8:28  Zealot x5  
  100  8:29  Zealot x2  
  117  8:41  Warp Prism  
  115  8:57  Zealot x3  
  115  8:58  Zealot x6  
  115  8:59  Zealot  
  135  9:13  Photon Cannon  
  135  9:15  Shield Battery  
  135  9:16  Probe x2  
  138  9:17  Probe x2  
  138  9:19  Shield Battery  
  138  9:21  Assimilator, Photon Cannon  
  138  9:22  Photon Cannon  
  139  9:24  Shield Battery, Assimilator  
  139  9:28  Probe  
  139  9:29  Probe x3  
  143  9:41  Probe  
  143  9:44  High Templar x4  
  143  9:45  High Templar x2  
  156  9:47  Nexus  
  156  9:48  Archon  
  156  9:49  Pylon, Archon x2  
  156  9:51  Pylon  
  156  9:53  Pylon  
Show
View Real Time Build Order
Export as new Build Order

SubN Zerg 

Build Orders: Hatch First 

Get SALT Encoding   

  12  0:00  Drone  
  13  0:12  Overlord  
  13  0:24  Drone  
  14  0:30  Drone x2  
  16  0:50  Hatchery  
  16  0:53  Drone  
  16  0:56  Drone  
  17  1:00  Drone  
  17  1:03  Extractor  
  17  1:17  Spawning Pool  
  16  1:29  Drone x3  
  19  1:40  Drone  
  20  1:57  Overlord  
  20  2:02  Drone x2  
  20  2:04  Queen  
  20  2:07  Queen  
  26  2:14  Metabolic Boost  
  26  2:23  Drone x2  
  28  2:31  Drone x2  
  30  2:37  Drone x2  
  32  2:46  Queen  
  32  2:51  Lair  
  34  2:57  Drone x2  
  36  3:00  Overlord  
  36  3:09  Overlord  
  36  3:17  Evolution Chamber  
  35  3:24  Evolution Chamber  
  35  3:26  Spine Crawler  
  34  3:27  Zergling x6  
  36  3:36  Drone x5  
  35  4:01  Zerg Melee Weapons Level 1  
  35  4:03  Drone  
  35  4:04  Drone x6  
  42  4:15  Drone x4  
  46  4:17  Hydralisk Den  
  46  4:24  Queen x2  
  45  4:29  Drone x2  
  51  4:32  Extractor x2  
  51  4:34  Extractor  
  51  4:45  Drone x4  
  51  4:52  Overlord  
  52  4:53  Overlord  
  52  4:55  Grooved Spines  
  52  5:18  Overlord x2  
  52  5:32  Hatchery  
  51  5:36  Spire  
  51  5:38  Drone  
  51  5:39  Overlord x2  
  51  5:40  Hatchery  
  50  5:44  Drone x2  
  50  5:48  Overlord  
  50  5:49  Overlord  
  52  5:54  Zerg Missile Weapons Level 1  
  52  5:57  Overlord  
  52  5:59  Drone x6  
  58  6:08  Muscular Augments  
  58  6:17  Queen  
  58  6:18  Queen  
  62  6:22  Overlord x2  
  62  6:29  Hydralisk  
  62  6:32  Hydralisk  
  66  6:40  Hydralisk x2  
  70  6:51  Hydralisk x4  
  70  6:53  Pneumatized Carapace  
  78  6:58  Queen  
  80  7:07  Zerg Flyer Weapons Level 1  
  80  7:16  Drone x10  
  80  7:22  Spore Crawler  
  89  7:39  Drone x2  
  89  7:41  Drone x6  
  89  7:44  Hatchery  
  96  7:46  Drone x3, Extractor  
  96  7:48  Extractor  
  97  8:03  Hatchery  
  96  8:07  Drone x6  
  102  8:13  Overlord x3  
  102  8:15  Overseer  
  102  8:16  Overseer  
  102  8:22  Infestation Pit  
  101  8:43  Drone x5  
  101  8:44  Overlord  
  101  8:45  Overlord x2  
  106  9:00  Queen  
  106  9:02  Drone x7, Hatchery  
  114  9:05  Extractor  
  114  9:07  Extractor  
  112  9:28  Drone x3  
  112  9:29  Drone x3  
  112  9:30  Overlord x4  
  118  9:31  Overlord  
  118  9:33  Overseer  
  118  9:34  Overseer  
  118  9:35  Overseer  
Tags
 
Add a new tag
Caveats
  • Supply blocks, unpowered buildings, or Contaminate may cause inaccurate times.
  • Supply counts are checked every 10 seconds.